 Dungeon Crawl Stone Soup version 0.31-a0-981-geadf994542 (webtiles) character file.

Game seed: 2232324244515006928

133 jasper the Slasher (level 4, -3/36 HPs)
             Began as a Demonspawn Reaver on Nov 1, 2023.
             Was an Elder of Ignis.
             Slain by Crazy Yiuf
             ... wielding a +4 quarterstaff of chaos
              (10 damage)
             ... on level 2 of the Dungeon.
             The game lasted 00:04:30 (1868 turns).

jasper the Slasher (Demonspawn Reaver)              Turns: 1868, Time: 00:04:31

Health: -3/36      AC: 16    Str: 12    XL:     4   Next: 94%
Magic:  0/7        EV: 11    Int: 14    God:    Ignis [****..]
Gold:   134        SH:  0    Dex: 14    Spells: 6/7 levels left

rFire   + + .        a - +0 falchion
rCold   + . .        (no shield)
rNeg    . . .        b - +0 leather armour
rPois   +            l - +0 helmet
rElec   +            d - +1 cloak
rCorr   +            g - +0 pair of gloves
SInv    .            j - +0 pair of boots
Will    .....        k - amulet of guardian spirit
Stlth   +            (no ring)
HPRegen 0.26/turn    (no ring)
MPRegen 0.10/turn

%: guardian spirit
@: lethally poisoned (-3 -> -9), resistant, fiery-armoured
A: rugged brown scales 1, powered by pain 1
a: Renounce Religion, Fiery Armour, Foxfire Swarm, Rising Flame


You were on level 2 of the Dungeon.
You worshipped Ignis.
Ignis was greatly pleased with you.
You visited 1 branch of the dungeon, and saw 2 of its levels.

You collected 134 gold pieces.

Inventory:

Hand Weapons
 a - a +0 falchion (weapon)
Missiles
 f - 6 poisoned darts
Armour
 b - a +0 leather armour (worn)
 d - a +1 cloak (worn)
 g - a +0 pair of gloves (worn)
 j - a +0 pair of boots (worn)
 l - a +0 helmet (worn)
Jewellery
 k - an amulet of guardian spirit (around neck)
Scrolls
 h - 3 scrolls of identify {unknown}
Potions
 c - a potion of invisibility {unknown}
 e - a potion of ambrosia {unknown}
 i - a potion of haste {unknown}
 m - a potion of curing {unknown}


   Skills:
 + Level 3.3 Fighting
 * Level 4.5 Long Blades
 - Level 1.7 Dodging
 - Level 2.0 Spellcasting
 - Level 3.0 Conjurations


You had 6 spell levels left.
You knew the following spells:

 Your Spells              Type           Power      Damage    Failure   Level
a - Kiss of Death         Conj/Necr      20%        2d7       16%         1

Your spell library contained the following spells:

 Spells                   Type           Power      Damage    Failure   Level
 Momentum Strike          Conj/Tloc      10%        3d8       24%         2
 Hailstorm                Conj/Ice       5%         3d4       43%         3
 Inner Flame              Hex/Fire       1%         N/A       65%         3
 Yara's Violent Unravell  Hex/Tmut       0%         3d3       100%        5
 Enfeeble                 Hex            0%         N/A       100%        7


Dungeon Overview and Level Annotations

Branches:
Dungeon (2/15)

Altars:
Ignis

Annotations:
D:2 Crazy Yiuf


Innate Abilities, Weirdness & Mutations

You are partially covered in rugged brown scales. (AC +1, +3% HP)
You sometimes gain a little power by taking damage.


Message History

A protective cloak of flame settles atop you.
You open the door. You barely miss Crazy Yiuf.
Crazy Yiuf hits you with a +4 quarterstaff of chaos!
Crazy Yiuf is burned by your cloak of flames.
Crazy Yiuf is lightly wounded.
You take 5 damage, and have 31/36 hp.
You now have 5/7 mp.
You closely miss Crazy Yiuf.
Crazy Yiuf is lightly wounded.
Crazy Yiuf laughs, "Goober!
Two noodlescoop fast."
Crazy Yiuf hits you with a +4 quarterstaff of chaos!
Crazy Yiuf burns you.
Crazy Yiuf is burned by your cloak of flames.
Crazy Yiuf is lightly wounded.
Crazy Yiuf whimpers, "Line verde fast!"
Crazy Yiuf hits you with a +4 quarterstaff of chaos!
You are poisoned.
Crazy Yiuf is burned by your cloak of flames.
Crazy Yiuf is moderately wounded.
You take 16 damage, and have 15/36 hp.
MASSIVE DAMAGE!!
You now have 2/7 mp.
You barely miss Crazy Yiuf.
Crazy Yiuf is moderately wounded.
You feel very sick. Crazy Yiuf hits you but does no damage.
You feel protected.
Crazy Yiuf is burned by your cloak of flames.
Crazy Yiuf is heavily wounded.
You take 4 damage, and have 11/36 hp.
You hit Crazy Yiuf.
Crazy Yiuf is severely wounded.
* * * LOW HITPOINT WARNING * * *
You feel sick. Crazy Yiuf misses you.
You take 2 damage, and have 9/36 hp.
Okay, then.
You hit Crazy Yiuf.
Crazy Yiuf is almost dead.
* * * LOW HITPOINT WARNING * * *
You feel very sick.
Crazy Yiuf hits you with a +4 quarterstaff of chaos!
You die...

###.####### ##..
...........) ##### #.#
#.# #######<#.## ....#
#.# #.# #.#.## ###.#
#.# ### #..... #.# #.#
####..... #.# #.#
#........ #.# #.# ###
♣♣##..#.....
###.###.## #)..#♣♣
♣♣))#).#.....
.....##..#
#...g@♣♣♣♣)))...#.#.##
###..###.#
#...#♣..♣.))).)##.#.#.
# #......# ###
♣♣♣.♣.))####..... #
#.######
♣♣♣♣♣##(.....#. ###.#
####.#### ....# ###
### ##......## #####
#.# #.# #.###..... #
#.# #.# #.# ###.## ###
#.# #.# #.#####.#


You could see Crazy Yiuf.

Vanquished Creatures
  Jessica (D:2)
  Robin (D:2)
  4 gnolls (D:2)
  3 dart slugs
  A ball python (D:2)
  2 bats
  5 endoplasms
  2 giant cockroaches (D:2)
  11 goblins
  6 hobgoblins
  3 jackals (D:2)
  A quokka (D:1)
  3 frilled lizards
  3 kobolds
  3 rats
49 creatures vanquished.

Notes
Turn   | Place    | Note
-------+----------+-------------------------------------------
     0 | D:1      | jasper the Demonspawn Reaver began the quest for the Orb.
     0 | D:1      | Reached XP level 1. HP: 16/16 MP: 3/3
    61 | D:1      | Found a faded altar of an unknown god.
    80 | D:1      | Prayed at the altar of an unknown god.
    80 | D:1      | Became a worshipper of Ignis, the Dying Flame
   247 | D:1      | Reached skill level 3 in Long Blades
   261 | D:1      | Gained mutation: You sometimes gain a little power by
                  | taking damage. [demonic ancestry]
   261 | D:1      | Reached XP level 2. HP: 7/22 MP: 5/5
  1193 | D:2      | Reached XP level 3. HP: 18/28 MP: 6/6
  1203 | D:2      | Reached skill level 4 in Long Blades
  1322 | D:2      | Gained mutation: You are partially covered in rugged brown
                  | scales. (AC +1, +3% HP) [demonic ancestry]
  1322 | D:2      | Reached XP level 4. HP: 28/35 MP: 7/7
  1678 | D:2      | Noticed Jessica
  1705 | D:2      | Noticed Robin
  1727 | D:2      | Killed Robin
  1736 | D:2      | Killed Jessica
  1858 | D:2      | Found a runed translucent door.
  1859 | D:2      | Noticed Crazy Yiuf
  1868 | D:2      | Slain by Crazy Yiuf

Illustrated notes

Levels and vault maps discovered:
D:1:      sevenhm_arrival_forest_fort_small_6, layout_basic,
          chequers_ecumenical_altar_island
D:2:      layout_loops_ring, uniq_jessica, uniq_crazy_yiuf_cottage, uniq_robin

Skill      XL: |  1  2  3  4 |
---------------+-------------+-----
Long Blades    | 3 4 |  4.5
Fighting       | 3 |  3.3
Dodging        | |  1.7
Spellcasting   | |  2.0
Conjurations   | |  3.0

Action                     |  1- 3 |  4- 6 || total
---------------------------+-------+-------++-------
  Melee: Falchion          |    94 |    87 ||   181
         Punch             |     2 |     1 ||     3
 Invoke: Fiery Armour      |     1 |     2 ||     3
    Use: Scroll            |     1 |       ||     1
 Armour: Leather armour    |    60 |    63 ||   123
  Dodge: Dodged            |    51 |    49 ||   100

Table legend: (Time is in decaauts)
 A = Elapsed time spent in this place.
 B = Non-inter-level travel time spent in this place.
 C = Inter-level travel time spent in this place.
 D = Time resting spent in this place.
 E = Time spent auto-exploring this place.
 F = Levels seen in this place.
 G = Mean time per level.
                   A        B        C        D        E       F      G
               +--------+--------+--------+--------+--------+-----+--------+
         Total |   1896 |   1870 |     26 |      0 |   1414 |   2 |  948.0 |
       Dungeon |   1896 |   1870 |     26 |      0 |   1414 |   2 |  948.0 |
               +--------+--------+--------+--------+--------+-----+--------+

Top non-repeatable levels by time:
     D:1: 1039 daAuts
     D:2: 856 daAuts
